AoeStats
← 精锐蒙古突骑

Arena

510296477Analyzed
2v2 RM · 2d ago on Sep 30, 2026· 47m 25s· 4 players
Game mode
Random Map
Map size
Medium (4 player)
Population
200
Speed
Normal
Resources
Standard
Victory
Conquest
Starting age
Dark Age
Ending age
Imperial Age
RankedLock teamsTeams togetherTeam positionsShared explorationLock speedFull tech treeHidden civsTurbo modeCheats
Victory
Defeat
1307
+18
🇧🇪 Huns · Belgium
1203
+22
🇦🇷 Celts · Argentina
1337
-20
1336
-20
魔鬼我在索马里
9:39 Feudal Age
13:43 Castle Age
12:00 Double-Bit Axe
12:30 Horse Collar
14:14 Loom
19:00 Fletching
21:09 Bodkin Arrow
21:25 Forging
24:11 Scale Barding Armor
28:54 Heavy Plow
29:07 Bow Saw
30:44 Wheelbarrow
35:07 Hand Cart
35:18 Hand Cart
40:16 Imperial Age
37:45 Gold Mining
38:04 Scale Mail Armor
38:39 Iron Casting
38:10 Squires
37:56 Gambesons
38:38 Arson
41:53 Crop Rotation
41:45 Chain Barding Armor
42:25 Blast Furnace
41:26 Bracer
41:24 Stirrups
41:50 Conscription
41:03 Capped Ram
43:21 Bloodlines
43:12 Husbandry
44:14 Chain Mail Armor
44:36 Plate Barding Armor
44:27 Bagains
46:13 Plate Mail Armor
45:49 Siege Ram
47:34 Siege Engineers
Agrone
9:57 Feudal Age
10:38 Double-Bit Axe
10:35 Horse Collar
14:42 Forging
19:38 Castle Age
18:48 Scale Barding Armor
18:55 Gold Mining
20:12 Bloodlines
22:04 Bow Saw
21:57 Heavy Plow
22:35 Gold Shaft Mining
21:52 Stone Mining
21:56 Fletching
23:32 Light Cavalry
30:51 Thumb Ring
33:16 Wheelbarrow
34:57 Iron Casting
34:42 Chain Barding Armor
34:18 Bodkin Arrow
34:24 Padded Archer Armor
35:15 Ballistics
39:49 Imperial Age
37:36 Hand Cart
37:25 Marauders
37:51 Husbandry
40:05 Elite Tarkan
41:06 Conscription
43:42 Chemistry
46:02 Hussar
我没医保我不上
12:03 Feudal Age
13:32 Double-Bit Axe
15:57 Castle Age
14:07 Horse Collar
14:43 Loom
15:19 Loom
15:22 Loom
17:08 Bow Saw
21:26 Gold Mining
25:03 Wheelbarrow
26:21 Town Watch
27:49 Gold Shaft Mining
28:02 Fortified Wall
27:59 Stone Mining
33:24 Imperial Age
31:09 Hand Cart
32:04 Town Patrol
32:07 Scale Mail Armor
32:50 Heavy Plow
34:17 Furor Celtica
34:28 Conscription
34:16 Heavy Scorpion
36:48 Chemistry
35:25 Capped Ram
36:49 Chain Mail Armor
36:44 Forging
37:35 Ballistics
37:22 Siege Ram
39:24 Plate Mail Armor
41:06 Pikeman
43:06 Halberdier
精锐蒙古突骑
5:07 Double-Bit Axe
10:25 Feudal Age
15:09 Castle Age
13:13 Horse Collar
18:08 Cavalier
19:17 Gold Mining
19:47 Loom
31:01 Bow Saw
33:28 Wheelbarrow
36:56 Forging
36:52 Scale Barding Armor
38:16 Iron Casting
38:04 Husbandry
40:11 Hand Cart
43:08 Scale Mail Armor
44:04 Gold Shaft Mining
43:10 Pikeman
43:51 Squires
43:39 Arson
44:26 Chain Mail Armor
Connection lost

Rejoining the realm…

Still unreachable

The connection could not be restored.

Session expired

The server has moved on; the page needs a fresh start.